 Dungeon Crawl Stone Soup version 0.31-a0-654-gbe3e110b4e (webtiles) character file.

Game seed: 3608654893765752752

105 ytrimaz the Ruffian (level 4, 0/32 HPs)
             Began as a Demonspawn Shapeshifter on Aug 29, 2023.
             Was an Initiate of Hepliaklqana.
             Slain by Natasha (8 damage)
             ... on level 3 of the Dungeon.
             The game lasted 00:02:09 (2448 turns).

ytrimaz the Ruffian (Demonspawn Shapeshifter)       Turns: 2448, Time: 00:02:10

Health: 0/32       AC:  2    Str: 15    XL:     4   Next: 53%
Magic:  4/4        EV: 12    Int: 11    God:    Hepliaklqana [......]
Gold:   88         SH:  4    Dex: 14    Spells: 3/3 levels left

rFire   . .          .
                       - Unarmed
rCold   . . .        (no shield)
rNeg    . . .        a - +0 animal skin
rPois   .            (helmet currently unavailable)
rElec   .            (cloak currently unavailable)
rCorr   .            (gloves currently unavailable)
SInv    +            (boots currently unavailable)
Will    .....        (no amulet)
Stlth   +            e - ring of see invisible
HPRegen 0.25/turn    (no ring)
MPRegen 0.09/turn

%: no passive effects
@: beast-form
A: beast (slay +2), condensation shield
a: Begin Untransformation, Renounce Religion


You were on level 3 of the Dungeon.
You worshipped Hepliaklqana.
Hepliaklqana was noncommittal.
You were a hulking beast.
You visited 1 branch of the dungeon, and saw 3 of its levels.

You collected 88 gold pieces.


Innate Abilities, Weirdness & Mutations

You are a hulking beast.
Your limbs bulge with bestial killing power. (Slay +2)
A meltable shield of frost defends you. (SH +4)


   Skills:
 - Level 1.0 Fighting
 - Level 1.7 Dodging
 + Level 3.9 Unarmed Combat
 + Level 3.7 Shapeshifting


You had 3 spell levels left.
You didn't know any spells.
Your spell library was empty.

Inventory:

Armour
 a - a +0 animal skin (worn)
Jewellery
 e - a ring of see invisible (left hand)
   (You found it on level 1 of the Dungeon)
 g - a ring of ice
   (You found it on level 1 of the Dungeon)
 h - a ring of ice
   (You found it on level 1 of the Dungeon)
Talismans
 c - a beast talisman (active)
 d - a flux talisman
Scrolls
 f - a scroll of identify {unknown}
Potions
 b - a potion of lignification
 i - a potion of invisibility {unknown}

Dungeon Overview and Level Annotations

Branches:
Dungeon (3/15) Zot: 15562

Altars:
Hepliaklqana

Shops:
D:2 =

Annotations:
D:3 Natasha

.#.### #.#
.. .#.# #.#
..# .
.#.###
#.##..#
.#..)#
#.##..#
.#.#.#
#.##..
####.#
#.##.# #
.....#
#.##.# .#
...#.#
#.#g.##.#
.....#
#hhSo..#
...###
####..#....
....# #..#
. #####
#....
####.# ...
... ... ###


You could see Natasha, an orc, a hobgoblin and a ball python.


Message History

You kill the goblin!
Things that are here:
a +0 dagger; a goblin corpse No target in view!
Unknown command.
Found a white marble altar of Elyvilon. 😎 HP[+1]
Your hp is fully restored (32).
Key pressed, stopping explore.
Key pressed, stopping explore.
No target in view!
There is a stone staircase leading up here.
A giant cockroach comes into view.
A giant cockroach is nearby!
A giant cockroach is nearby!
A giant cockroach is nearby!
An orc comes into view. It is wielding a +0 hand axe.
There are monsters nearby!
The giant cockroach barely misses you.
You barely miss the giant cockroach. Your punch misses the giant cockroach.
The giant cockroach bites you. 😕 HP[-2]
You take 2 damage, and now have 30/32 hp.
You closely miss the giant cockroach.
The giant cockroach bites you but does no damage.
Unknown command.
You hit the giant cockroach. The giant cockroach closely misses you.
The giant cockroach barely misses you. 😕 HP[+1]
You hit the giant cockroach.
You kill the giant cockroach!
Key pressed, stopping explore.
No target in view! 😎 HP[+1]
Your hp is fully restored (32).
Key pressed, stopping explore.
Unknown command.
No target in view!
No target in view!
Natasha, Servant of Life and Death comes into view.
A frilled lizard comes into view.
The frilled lizard hisses angrily.
The frilled lizard moves out of view.
Natasha hisses angrily.
Natasha howls an incantation.
Natasha shimmers violently.
Unknown command.
Natasha extends her claws.
A hobgoblin comes into view. It is wielding a +0 dagger.
Natasha claws you! 😮 HP[-9]
You take 9 damage, and now have 23/32 hp.
MASSIVE DAMAGE!! (PAUSE)
You are too injured to fight recklessly!
The hobgoblin shouts!
You hit Natasha.
You hear an angry hiss. x2
Natasha barely misses you.
You hit Natasha. Natasha closely misses you.
Unknown command.
You closely miss Natasha.
A ball python comes into view.
The frilled lizard bites you but does no damage.
Natasha stares at you and mumbles some strange words.
The magic dart hits you!
* * * LOW HITPOINT WARNING * * *
😨 HP[-11]
You take 11 damage, and now have 12/32 hp.
MASSIVE DAMAGE!! (PAUSE)
The ball python hisses angrily.
You hit Natasha. Your punch misses Natasha.
The frilled lizard misses you. 😨 HP[+1]
You hit Natasha. Natasha closely misses you.
The frilled lizard barely misses you.
Unknown command.
An orc comes into view. It is wielding a +1 dagger of venom.
The orc shouts!
Natasha attacks as she pursues you! Natasha claws you.
* * * LOW HITPOINT WARNING * * *
The frilled lizard completely misses you. 😨 HP[-3]
You take 3 damage, and now have 10/32 hp.
The frilled lizard attacks as it pursues you!
The frilled lizard completely misses you.
You block Natasha's attack. 😨 HP[+1] Unknown command.
You barely miss the frilled lizard. The frilled lizard closely misses you.
You barely miss the frilled lizard. The frilled lizard barely misses you.
You closely miss the frilled lizard. You punch the frilled lizard!
You kill the frilled lizard!
Unknown command.
You hit Natasha. Natasha claws you.
* * * LOW HITPOINT WARNING * * *
😱 HP[-3]
You take 3 damage, and now have 8/32 hp.
You barely miss Natasha. Natasha claws you!
You die...
Natasha begins licking her fur clean.

Skill      XL: |  1  2 |
---------------+-------+-----
Unarmed Combat | 3 |  3.9
Shapeshifting  | 3 |  3.7
Fighting       | |  1.0
Dodging        | |  1.7

Action                     |  1- 3 |  4- 6 || total
---------------------------+-------+-------++-------
  Melee: Unarmed           |   133 |    28 ||   161
    Use: Scroll            |     1 |       ||     1
   Stab: Sleeping          |     2 |       ||     2
 Armour: Animal skin       |    18 |     3 ||    21
  Dodge: Dodged            |    68 |    16 ||    84
  Block: Other             |    13 |     2 ||    15

Levels and vault maps discovered:
D:1:      dpeg_arrival_circle_labyrinth_c, layout_basic
D:2:      cheibrodos_greedy_goblins, layout_loops_cross, serial_shops,
          nicolae_shop_hallway_stairs
D:3:      layout_loops_ring, mainiacjoe_overflow_catwalk,
          lemuel_coloured_pillars_altar,
          hellmonk_ecumenical_altar_leap_of_faith, minmay_pentomino_pile,
          uniq_natasha

Notes
Turn   | Place    | Note
-------+----------+-------------------------------------------
     0 | D:1      | ytrimaz the Demonspawn Shapeshifter began the quest for the
                  | Orb.
     0 | D:1      | Reached XP level 1. HP: 15/15 MP: 1/1
     0 | D:1      | magus.rc [v1.9.6]
   189 | D:1      | Reached skill level 3 in Unarmed Combat
   222 | D:1      | Gained mutation: A meltable shield of frost defends you.
                  | (SH +4) [demonic ancestry]
   222 | D:1      | Reached XP level 2. HP: 14/21 MP: 2/2
   426 | D:1      | Reached skill level 3 in Shapeshifting
  1019 | D:2      | Found Hidwaamm's Jewellery Shop.
  1242 | D:2      | Reached XP level 3. HP: 24/26 MP: 3/3
  1965 | D:3      | Reached XP level 4. HP: 17/32 MP: 4/4
  2070 | D:3      | Found a hazy altar of Hepliaklqana.
  2321 | D:3      | Became a worshipper of Hepliaklqana the Forgotten
  2431 | D:3      | Noticed Natasha
  2447 | D:3      | HP: 8/32 [Natasha (4)]
  2448 | D:3      | Slain by Natasha

Vanquished Creatures
  An orc wizard (D:3)
  2 adders
  A worm (D:2)
  2 dart slugs
  An orc (D:3)
  4 bats
  6 endoplasms
  A giant cockroach (D:3)
  7 goblins
  7 hobgoblins
  4 jackals
  A quokka (D:1)
  6 ball pythons
  5 frilled lizards
  A kobold (D:3)
  4 rats
53 creatures vanquished.

Vanquished Creatures (others)
  An orc (D:3)
1 creature vanquished.

Grand Total: 54 creatures vanquished

Table legend:
 A = Non-vault XP
 B = Vault XP
 C = Vault XP percentage of total XP
 D = Non-vault monster count
 E = Vault monster count
 F = Vault count percentage of total count
                 A         B        C        D         E       F
            +---------+---------+-------+---------+---------+-------
      Total |     129 |      21 |  14.0 |      42 |      11 |  20.8
            +---------+---------+-------+---------+---------+-------
        D:1 |      24 |       0 |   0.0 |      15 |       0 |   0.0
        D:2 |      37 |      18 |  32.7 |      14 |       9 |  39.1
        D:3 |      68 |       3 |   4.2 |      13 |       2 |  13.3
            +---------+---------+-------+---------+---------+-------

Skill      XL: |  1  2 |
---------------+-------+-----
Unarmed Combat | 3 |  3.9
Shapeshifting  | 3 |  3.7
Fighting       | |  1.0
Dodging        | |  1.7

Action                     |  1- 3 |  4- 6 || total
---------------------------+-------+-------++-------
  Melee: Unarmed           |   133 |    28 ||   161
    Use: Scroll            |     1 |       ||     1
   Stab: Sleeping          |     2 |       ||     2
 Armour: Animal skin       |    18 |     3 ||    21
  Dodge: Dodged            |    68 |    16 ||    84
  Block: Other             |    13 |     2 ||    15

Illustrated notes

Table legend:
 A = Kills in this place as a percentage of kills in the entire game.
 B = Kills by you in this place as a percentage of kills by you in the entire game.
 C = Kills by friends in this place as a percentage of kills by friends in the entire game.
 D = Other kills in this place as a percentage of other kills in the entire game.
 E = Experience gained in this place as a percentage of experience gained in the entire game.
 F = Experience gained in this place divided by the number of levels of this place that you have seen.
                   A       B       C       D       E      F
               +-------+-------+-------+-------+-------+----------------------
         Total | 100.0 | 100.0 |   N/A |   N/A | 100.0 |  50.0
       Dungeon | 100.0 | 100.0 |   N/A |   N/A | 100.0 |  50.0
               +-------+-------+-------+-------+-------+----------------------

Table legend: (Time is in decaauts)
 A = Elapsed time spent in this place.
 B = Non-inter-level travel time spent in this place.
 C = Inter-level travel time spent in this place.
 D = Time resting spent in this place.
 E = Time spent auto-exploring this place.
 F = Levels seen in this place.
 G = Mean time per level.
                   A        B        C        D        E       F      G
               +--------+--------+--------+--------+--------+-----+--------+
         Total |   2436 |   2339 |     97 |      7 |   1916 |   3 |  812.0 |
       Dungeon |   2436 |   2339 |     97 |      7 |   1916 |   3 |  812.0 |
               +--------+--------+--------+--------+--------+-----+--------+

Top non-repeatable levels by time:
     D:2: 957 daAuts
     D:1: 831 daAuts
     D:3: 647 daAuts
